 Dungeon Crawl Stone Soup version 0.31-a0-1025-g2e47921a08 (webtiles) character file.

Game seed: 14145612375972118275

77 kae the Vexing (level 4, -1/30 HPs)
             Began as a Demonspawn Enchanter on Nov 17, 2023.
             Slain by a gnoll
             ... wielding a +0 whip
              (6 damage)
             ... on level 2 of the Dungeon.
             The game lasted 00:02:13 (1923 turns).

kae the Vexing (Demonspawn Enchanter)               Turns: 1923, Time: 00:02:14

Health: -1/30      AC:  3    Str: 10    XL:     4   Next: 14%
Magic:  1/7        EV: 12    Int: 17    God:
Gold:   51         SH:  0    Dex: 13    Spells: 2/7 levels left

rFire   . . .        a - +1 dagger
rCold   . . .        (no shield)
rNeg    . . .        b - +0 robe
rPois   .            (no helmet)
rElec   .            q - +0 cloak
rCorr   .            (no gloves)
SInv    .            (no boots)
Will    .....        j - amulet of magic regeneration
Stlth   ++           Z - ring of wizardry
HPRegen 0.25/turn    (no ring)
MPRegen 0.50/turn

%: wizardry (x1)
@: no status effects
A: hooves 1
a: no special abilities


You were on level 2 of the Dungeon.
You visited 1 branch of the dungeon, and saw 3 of its levels.

You collected 51 gold pieces.


Innate Abilities, Weirdness & Mutations

You have large cloven feet.


   Skills:
 * Level 2.1 Short Blades
 - Level 1.7 Dodging
 + Level 3.1 Stealth
 + Level 2.3 Spellcasting
 + Level 3.2 Hexes
 * Level 1.4 Ice Magic


You had 2 spell levels left.
You knew the following spells:

 Your Spells              Type           Power      Damage    Failure   Level
a - Ensorcelled Hibernat  Hex/Ice        20%        N/A       4%          2
b - Confusing Touch       Hex            13%        N/A       6%          3

Your spell library contained the following spells:

 Spells                   Type           Power      Damage    Failure   Level
 Scorch                   Fire           4%         2d5       12%         2
 Tukima's Dance           Hex            13%        N/A       6%          3
 Dazzling Flash           Conj/Hex       14%        N/A       12%         3
 Flame Wave               Conj/Fire      2%         2d4       56%         4
 Summon Cactus Giant      Summ           1%         N/A       100%        6

Inventory:

Hand Weapons
 a - a +1 dagger (weapon)
Missiles
 d - 13 stones
 m - 4 poisoned darts
Armour
 b - a +0 robe (worn)
 q - a +0 cloak (worn)
   (You found it on level 2 of the Dungeon)
Magical Staves
 o - a staff of cold {!a}
   (You found it on level 2 of the Dungeon)
Jewellery
 j - an amulet of magic regeneration (around neck)
   (You found it on level 2 of the Dungeon)
 Z - a ring of wizardry (left hand)
   (You found it on level 1 of the Dungeon)
Scrolls
 i - a scroll of teleportation {unknown}
 l - a scroll of immolation {unknown}
 n - a scroll of amnesia {unknown}
 p - a scroll of identify {@r1}
Potions
 c - 2 potions of invisibility
 e - a potion of attraction {unknown}
 f - 3 potions of brilliance
 g - 2 potions of cancellation {unknown}
 h - 2 potions of haste {unknown}
 k - a potion of might {unknown}

Dungeon Overview and Level Annotations

Branches:
Dungeon (3/15) Zot: 16084

Altars:

Shops:
D:2

: ######........###.....##
#...##....#...#...#
##......####.###...#
######.....###.........##
...........###..####....#
######..........# #....#
.#####<....###.## #....#
...............#####>...#
.#####.)........@g.†....# .##
#......#########....# ..#
#......# #....# ..###......##
#....# ............### #...##
..............### #..###########
...##...........# ##.##.........#
...#........#...# #..##.........#
.............##.###..##.........#


You could see a gnoll.


Message History

There are monsters nearby!
The quokka bites you but does no damage.
The gnoll hits you with a +0 whip!
You climb upwards.
There is a stone staircase leading down here. 😮 HP[-8]
You take 8 damage, and now have 22/30 hp.
MASSIVE DAMAGE!! (PAUSE)
The quokka attacks as it pursues you! The quokka bites you.
The gnoll attacks as it pursues you!
The gnoll hits you with a +0 whip. 😮 HP[-5]
You take 5 damage, and now have 17/30 hp. 😮 HP[+1]
Casting: Ensorcelled Hibernation (safe; 4% risk of failure)
Confirm with . or Enter, or press ? or * to list all spells.
Aiming: Ensorcelled Hibernation (safe; 4% risk of failure)
Press: ? - help, Shift-Dir - straight line, f - quokka
Aim: a quokka (chance to affect: 62%)
The quokka looks drowsy... 😮 MP[-2]
You lost 2 mp, and now have 5/7 mp.
The helpless quokka fails to defend itself.
You puncture the quokka!
You kill the quokka! 😮 MP[+1]
Casting: Ensorcelled Hibernation (safe; 4% risk of failure)
Confirm with . or Enter, or press ? or * to list all spells.
Aiming: Ensorcelled Hibernation (safe; 4% risk of failure)
Press: ? - help, Shift-Dir - straight line, f - gnoll
Aim: a gnoll, wielding a +0 whip (chance to affect: 52%)
The gnoll resists with significant effort.
The gnoll closely misses you. 😮 MP[-2]
You lost 2 mp, and now have 4/7 mp.
Casting: Ensorcelled Hibernation (safe; 4% risk of failure)
Confirm with . or Enter, or press ? or * to list all spells.
Aiming: Ensorcelled Hibernation (safe; 4% risk of failure)
Press: ? - help, Shift-Dir - straight line, f/p - gnoll
Aim: a gnoll, wielding a +0 whip (chance to affect: 52%)
The gnoll resists with significant effort.
The gnoll hits you with a +0 whip. 😮 HP[-2] MP[-1]
You take 2 damage, and now have 16/30 hp.
You lost 1 mp, and now have 3/7 mp.
Unknown command.
Casting: Ensorcelled Hibernation (safe; 4% risk of failure)
Confirm with . or Enter, or press ? or * to list all spells.
Aiming: Ensorcelled Hibernation (safe; 4% risk of failure)
Press: ? - help, Shift-Dir - straight line, f/p - gnoll
Aim: a gnoll, wielding a +0 whip (chance to affect: 52%)
The gnoll resists with significant effort.
The gnoll hits you with a +0 whip.
* * * LOW HITPOINT WARNING * * *
😨 HP[-3] MP[-2]
You take 3 damage, and now have 13/30 hp.
You lost 2 mp, and now have 1/7 mp.
Unknown command.
Casting: Ensorcelled Hibernation (safe; 4% risk of failure)
Confirm with . or Enter, or press ? or * to list all spells.
You don't have enough magic to cast this spell. 😨 MP[+1]
The gnoll attacks as it pursues you! The gnoll closely misses you.
Casting: Ensorcelled Hibernation (safe; 4% risk of failure)
Confirm with . or Enter, or press ? or * to list all spells.
Aiming: Ensorcelled Hibernation (safe; 4% risk of failure)
Press: ? - help, Shift-Dir - straight line, f/p - gnoll
Aim: a gnoll, wielding a +0 whip (chance to affect: 52%)
The gnoll resists with significant effort.
The gnoll misses you. 😨 HP[+1] MP[-1]
You lost 1 mp, and now have 1/7 mp.
Unknown command.
You hit the gnoll. You kick the gnoll, but do no damage.
The gnoll closely misses you.
You hit the gnoll. The gnoll hits you with a +0 whip.
* * * LOW HITPOINT WARNING * * *
😨 HP[-1]
You take 1 damage, and now have 13/30 hp.
You barely miss the gnoll. Your kick misses the gnoll.
The gnoll barely misses you. 😨 MP[+1] Unknown command.
Casting: Ensorcelled Hibernation (safe; 4% risk of failure)
Confirm with . or Enter, or press ? or * to list all spells.
Aiming: Ensorcelled Hibernation (safe; 4% risk of failure)
Press: ? - help, Shift-Dir - straight line, f/p - gnoll
Aim: a gnoll, wielding a +0 whip (moderately wounded, chance to affect: 52%)
The gnoll resists with significant effort.
The gnoll hits you with a +0 whip.
* * * LOW HITPOINT WARNING * * *
😨 HP[-2] MP[-2]
You take 2 damage, and now have 11/30 hp.
You lost 2 mp, and now have 0/7 mp.
Unknown command.
You barely miss the gnoll. The gnoll hits you with a +0 whip!
* * * LOW HITPOINT WARNING * * *
😱 HP[-6] MP[+1]
You take 6 damage, and now have 5/30 hp.
You hit the gnoll. The gnoll hits you with a +0 whip.
You die...

Skill      XL: |  1  2  3 |
---------------+----------+-----
Short Blades   | 1 2 |  2.1
Stealth        | 3 |  3.1
Ice Magic      | 1 |  1.4
Dodging        | |  1.7
Spellcasting   | |  2.3
Hexes          | |  3.2

Action                     |  1- 3 |  4- 6 || total
---------------------------+-------+-------++-------
  Melee: Dagger            |   128 |    13 ||   141
         Kick              |    24 |     2 ||    26
         Punch             |     1 |       ||     1
   Cast: Ensorcelled Hiber |    13 |    10 ||    23
    Use: Scroll            |     2 |       ||     2
         Potion            |     2 |       ||     2
   Stab: Sleeping          |    16 |     3 ||    19
         Distracted        |     1 |       ||     1
 Armour: Robe              |    69 |    10 ||    79
  Dodge: Dodged            |    78 |    10 ||    88

Levels and vault maps discovered:
D:1:      ebering_hopf_link, layout_basic, minmay_misc_feat_secret_circle,
          serial_bayou_pond_d
D:2:      layout_rooms, hellmonk_ecumenical_altar_defaced_shrine, serial_shops,
          shop
D:3:      corexii_shack_village, layout_rooms, jmf_multi_god_temple2,
          uniq_crazy_yiuf_cottage

Notes
Turn   | Place    | Note
-------+----------+-------------------------------------------
     0 | D:1      | kae the Demonspawn Enchanter began the quest for the Orb.
     0 | D:1      | Reached XP level 1. HP: 13/13 MP: 3/3
     0 | D:1      | magus.rc [v1.11.3]
    21 | D:1      | Reached skill level 1 in Short Blades
    74 | D:1      | HP: 2/13 [frozen (5)]
   150 | D:1      | Gained mutation: You have large cloven feet. [demonic
                  | ancestry]
   150 | D:1      | Reached XP level 2. HP: 19/19 MP: 5/5
   153 | D:1      | Learned a level 2 spell: Ensorcelled Hibernation
   902 | D:1      | Reached XP level 3. HP: 24/24 MP: 6/6
   906 | D:1      | Learned a level 3 spell: Confusing Touch
  1118 | D:1      | HP: 4/24 [adder (4)]
  1122 | D:1      | Reached skill level 3 in Stealth
  1122 | D:1      | Reached skill level 1 in Ice Magic
  1500 | D:2      | Reached skill level 2 in Short Blades
  1552 | D:2      | You pick up a book of Scorching and begin reading...
  1552 | D:2      | You add the spells Scorch, Flame Wave and Summon Cactus
                  | Giant to your library.
  1566 | D:2      | Found a faded altar of an unknown god.
  1642 | D:2      | Found Uvie's Book Emporium.
  1664 | D:2      | HP: 5/24 [worm (10)]
  1670 | D:2      | HP: 6/24 [kobold/stone (1)]
  1697 | D:2      | Reached XP level 4. HP: 13/30 MP: 7/7
  1922 | D:2      | HP: 5/30 [gnoll/+0 whip (7)]
  1923 | D:2      | Slain by a gnoll

Vanquished Creatures
  An adder (D:1)
  2 worms (D:2)
  4 orcs (D:2)
  4 ball pythons
  6 endoplasms
  2 giant cockroaches
  6 goblins
  4 hobgoblins
  4 jackals (D:2)
  5 kobolds
  A quokka (D:2)
  3 bats
  4 frilled lizards
  7 rats
53 creatures vanquished.

Table legend:
 A = Non-vault XP
 B = Vault XP
 C = Vault XP percentage of total XP
 D = Non-vault monster count
 E = Vault monster count
 F = Vault count percentage of total count
                 A         B        C        D         E       F
            +---------+---------+-------+---------+---------+-------
      Total |      99 |      12 |  10.8 |      49 |       4 |   7.5
            +---------+---------+-------+---------+---------+-------
        D:1 |      59 |       0 |   0.0 |      29 |       0 |   0.0
        D:2 |      40 |      12 |  23.1 |      20 |       4 |  16.7
            +---------+---------+-------+---------+---------+-------

Skill      XL: |  1  2  3 |
---------------+----------+-----
Short Blades   | 1 2 |  2.1
Stealth        | 3 |  3.1
Ice Magic      | 1 |  1.4
Dodging        | |  1.7
Spellcasting   | |  2.3
Hexes          | |  3.2

Action                     |  1- 3 |  4- 6 || total
---------------------------+-------+-------++-------
  Melee: Dagger            |   128 |    13 ||   141
         Kick              |    24 |     2 ||    26
         Punch             |     1 |       ||     1
   Cast: Ensorcelled Hiber |    13 |    10 ||    23
    Use: Scroll            |     2 |       ||     2
         Potion            |     2 |       ||     2
   Stab: Sleeping          |    16 |     3 ||    19
         Distracted        |     1 |       ||     1
 Armour: Robe              |    69 |    10 ||    79
  Dodge: Dodged            |    78 |    10 ||    88

Illustrated notes

Table legend:
 A = Kills in this place as a percentage of kills in the entire game.
 B = Kills by you in this place as a percentage of kills by you in the entire game.
 C = Kills by friends in this place as a percentage of kills by friends in the entire game.
 D = Other kills in this place as a percentage of other kills in the entire game.
 E = Experience gained in this place as a percentage of experience gained in the entire game.
 F = Experience gained in this place divided by the number of levels of this place that you have seen.
                   A       B       C       D       E      F
               +-------+-------+-------+-------+-------+----------------------
         Total | 100.0 | 100.0 |   N/A |   N/A | 100.0 |  37.0
       Dungeon | 100.0 | 100.0 |   N/A |   N/A | 100.0 |  37.0
               +-------+-------+-------+-------+-------+----------------------

Table legend: (Time is in decaauts)
 A = Elapsed time spent in this place.
 B = Non-inter-level travel time spent in this place.
 C = Inter-level travel time spent in this place.
 D = Time resting spent in this place.
 E = Time spent auto-exploring this place.
 F = Levels seen in this place.
 G = Mean time per level.
                   A        B        C        D        E       F      G
               +--------+--------+--------+--------+--------+-----+--------+
         Total |   1915 |   1859 |     56 |    205 |   1225 |   3 |  638.3 |
       Dungeon |   1915 |   1859 |     56 |    205 |   1225 |   3 |  638.3 |
               +--------+--------+--------+--------+--------+-----+--------+

Top non-repeatable levels by time:
     D:1: 1242 daAuts
     D:2: 670 daAuts
     D:3: 1 daAuts
